 Dungeon Crawl Stone Soup version 0.22.0-38-g04b72b8 (webtiles) character file.

1608 dvd the Firebug (level 8, -1/50 HPs)
             Began as an Octopode Fire Elementalist on Aug 28, 2018.
             Was a Believer of Vehumet.
             Killed by nerve-wracking pain
             ... invoked by a shadow imp
              (7 damage)
             ... on level 6 of the Dungeon.
             The game lasted 00:22:49 (7646 turns).

dvd the Firebug (Octopode Fire Elementalist)        Turns: 7646, Time: 00:22:50

Health: -1/50      AC:  4    Str:  8    XL:     8   Next: 95%
Magic:  1/15       EV: 14    Int: 19    God:    Vehumet [**....]
Gold:   252        SH:  5    Dex: 12    Spells: 6/16 levels left

rFire    . . .     SeeInvis .   t - +3 flail (protect)
rCold    . . .     Gourm    .   j - +0 buckler
rNeg     . . .     Faith    .   (helmet restricted)
rPois    +         Spirit   .   (no amulet)
rElec    .         Reflect  .   s - ring of attention (curse)
rCorr    .         Harm     .   d - +3 ring of protection
MR       .....                  B - ring of poison resistance
Stlth    ++........             (no ring)
HPRegen  0.16/turn              (no ring)
MPRegen  0.14/turn              (no ring)
                                (no ring)
                                (no ring)

@: no status effects
A: almost no armour, stealthy swim, amphibious, 8 rings, constrict 8, camouflage
1, gelatinous body 1
a: Renounce Religion


You were on level 6 of the Dungeon.
You worshipped Vehumet.
Vehumet was pleased with you.
You were hungry.

You visited 1 branch of the dungeon, and saw 6 of its levels.
You also visited: Sewer.

You collected 252 gold pieces.

Inventory:

Hand Weapons
 t - a +3 flail of protection (weapon)
 x - a +1 dagger of draining
 y - a +2 dagger of electrocution
Missiles
 f - 4 javelins (quivered)
Armour
 c - a +0 shield
 j - a +0 buckler (worn)
Jewellery
 d - a +3 ring of protection (right tentacle)
 s - a cursed ring of attention (left tentacle)
 B - a ring of poison resistance (on tentacle)
Wands
 a - a wand of iceblast (12)
 q - a wand of random effects (25)
Scrolls
 e - 7 scrolls of identify
 g - 3 scrolls of immolation
 i - a scroll of magic mapping
 k - 5 scrolls of enchant armour {unknown}
 n - 6 scrolls of teleportation {unknown}
 o - a scroll of random uselessness {unknown}
 p - a scroll of noise {unknown}
 w - a scroll of remove curse {unknown}
 z - a scroll of amnesia {unknown}
 A - 3 scrolls of fog {unknown}
Potions
 h - a potion of lignification {unknown}
 l - a potion of resistance
 m - a potion of cancellation {unknown}
 r - a potion of invisibility {unknown}
 u - a potion of curing
 v - a potion of haste {unknown}
Comestibles
 b - 10 rations
 C - 7 chunks of flesh


   Skills:
 + Level 1.9 Fighting
 + Level 1.1 Short Blades
 + Level 2.8 Maces & Flails
 + Level 3.6 Dodging
 - Level 2.6 Stealth
 - Level 4.0 Shields
 + Level 4.9 Spellcasting
 + Level 5.1 Conjurations
 + Level 5.4 Fire Magic
 + Level 0.4 Air Magic


You had 6 spell levels left.
You knew the following spells:

 Your Spells              Type           Power        Failure   Level  Hunger
a - Flame Tongue          Conj/Fire      ###..        1%          1    None
b - Throw Flame           Conj/Fire      ###...       2%          2    #......
c - Sticky Flame          Conj/Fire      ###.....     14%         4    ####...
d - Shock                 Conj/Air       ###.         4%          1    None
e - Throw Frost           Conj/Ice       ##....       6%          2    #......

Your spell library contained the following spells:

 Spells                   Type           Power        Failure   Level  Hunger
 Conjure Flame            Conj/Fire      ###.....     4%          3    ##.....
 Inner Flame              Hex/Fire       ###.....     12%         3    ##.....
 Fireball                 Conj/Fire      ###.......   36%         5    ######.


Dungeon Overview and Level Annotations

Branches:
Dungeon (6/15)
 Temple: D:4-7

Altars:
Makhleb
Vehumet

Shops:
D:6 *

Annotations:
D:4 exclusion: statue
D:6 Dowan, Duvessa


Innate Abilities, Weirdness & Mutations

You cannot wear most types of armour.
You are very stealthy in the water. (Stealth+)
You are amphibious.
You can wear up to eight rings at the same time.
You can use your tentacles to constrict eight enemies at once.
Your skin changes colour to match your surroundings (Stealth+).
Your rubbery body absorbs attacks. (AC +1, EV +1)


Message History

Aim: an adder The flame tongue hits the adder.
The adder is moderately wounded.
The adder bites you.
* * * LOW HITPOINT WARNING * * *
Casting: Flame Tongue (safe; 1% risk of failure)
Confirm with . or Enter, or press ? or * to list all spells.
Aiming: Flame Tongue (safe; 1% risk of failure)
Press: ? - help, Shift-Dir - straight line, f/p - adder
Aim: an adder (moderately wounded)
The flame tongue hits the adder.
You kill the adder!
Vehumet accepts your kill.
Unknown command.
You barely miss the shadow imp. You grab the shadow imp.
You constrict the shadow imp. The shadow imp hits you.
* * * LOW HITPOINT WARNING * * *
The shadow imp gestures at you. Pain shoots through your body!
You die...

###.........# ..#
#.....∩÷..>.##### ....
#...............#######
#.#..
#...§...#..............
...
#...........##...#######
### .
#............#.#.......#
.....
#...####.........5#.##.#.#
# #...
....##.#5#.............?.
##.#
##......#@#5#####.#.#.#.##
. #....#.#.#.# .. #....
#.#.# .#. .# ..#.# # #.
###.. #. ### ##


You could see a shadow imp.

Vanquished Creatures
  A hornet (D:6)
  2 phantoms (D:4)
  3 bullfrogs
  A scorpion (D:3)
  A howler monkey (D:6)
  A crimson imp (D:6)
  A centaur zombie (D:3)
  3 hounds
  A gnoll shaman (D:3)
  2 orc priests
  6 orc wizards
  Crazy Yiuf (D:4)
  2 bullfrog skeletons
  3 worker ants
  A howler monkey skeleton (D:4)
  17 adders
  3 river rats (D:5)
  4 gnolls
  3 oozes
  6 worms
  3 dart slugs
  3 leopard geckos
  17 orcs
  3 ball pythons (Sewer)
  24 giant cockroaches
  5 goblins
  12 hobgoblins
  6 jackals
  2 quokkas
  9 bats
  9 frilled lizards
  6 kobolds
  11 rats
172 creatures vanquished.

Notes
Turn   | Place    | Note
-------+----------+-------------------------------------------
     0 | D:1      | dvd the Octopode Fire Elementalist began the quest for the Orb.
     0 | D:1      | Reached XP level 1. HP: 11/11 MP: 3/3
   206 | D:1      | Reached XP level 2. HP: 11/17 MP: 0/5
   369 | D:1      | Learned a level 2 spell: Throw Flame
   739 | D:1      | Reached XP level 3. HP: 19/21 MP: 3/6
  1539 | D:1      | Reached skill level 1 in Shields
  1669 | D:2      | Reached XP level 4. HP: 22/27 MP: 0/7
  1899 | D:2      | Learned a level 4 spell: Sticky Flame
  2863 | D:2      | Reached XP level 5. HP: 32/32 MP: 3/9
  3326 | D:3      | Reached skill level 1 in Short Blades
  3586 | D:3      | Reached XP level 6. HP: 11/37 MP: 3/10
  4794 | D:4      | Reached XP level 7. HP: 34/42 MP: 6/12
  4938 | D:4      | Found a burning altar of Makhleb.
  4975 | D:4      | Found a radiant altar of Vehumet.
  5201 | D:4      | Reached skill level 1 in Fighting
  5362 | D:4      | Became a worshipper of Vehumet
  5406 | D:4      | Found a runed door.
  5410 | D:4      | Noticed Crazy Yiuf
  5414 | D:4      | Killed Crazy Yiuf
  5414 | D:4      | Reached skill level 1 in Maces & Flails
  5760 | D:5      | Entered Level 5 of the Dungeon
  5794 | D:5      | Reached XP level 8. HP: 34/48 MP: 7/14
  5869 | D:5      | Reached skill level 5 in Fire Magic
  5907 | D:5      | Found a glowing drain.
  6061 | Sewer    | Entered a sewer
  6160 | Sewer    | Reached * piety under Vehumet
  6160 | Sewer    | Offered knowledge of Shock by Vehumet.
  6165 | Sewer    | Learned a level 1 spell: Shock
  7340 | D:5      | Reached ** piety under Vehumet
  7340 | D:5      | Offered knowledge of Throw Frost by Vehumet.
  7344 | D:5      | Learned a level 2 spell: Throw Frost
  7423 | D:6      | Noticed Duvessa
  7423 | D:6      | Noticed Dowan
  7588 | D:6      | Found Zaicakeph's Elemental Accessories.
  7631 | D:6      | Noticed a hornet
  7635 | D:6      | Paralysed by a hornet for 2 turns
  7642 | D:6      | Killed a hornet
  7642 | D:6      | Reached skill level 5 in Conjurations
  7646 | D:6      | Killed from afar by a shadow imp

Skill      XL: |  1  2  3  4  5  6  7  8 |
---------------+-------------------------+-----
Shields        | 1 2 3 4 |  4.0
Spellcasting   | 3 4 |  4.9
Conjurations   | 2 3 5 |  5.1
Short Blades   | 1 |  1.1
Fire Magic     | 4 5 |  5.4
Fighting       | 1 |  1.9
Dodging        | 3 |  3.6
Maces & Flails | 1 2 |  2.8
Stealth        | |  2.6
Air Magic      | |  0.4

Action                   |  1- 3 |  4- 6 |  7- 9 || total
-------------------------+-------+-------+-------++-------
Melee: Dagger            |    12 |       |       ||    12
       Constrict         |     5 |    20 |    20 ||    45
       Tentacles         |     1 |    10 |    11 ||    22
       Unarmed           |     1 |       |       ||     1
       Short sword       |     3 |    50 |       ||    53
       Flail             |       |    12 |    74 ||    86
 Cast: Flame Tongue      |    49 |   110 |    80 ||   239
       Throw Flame       |     5 |    19 |    38 ||    62
       Sticky Flame      |       |     1 |     4 ||     5
       Shock             |       |       |     9 ||     9
       Throw Frost       |       |       |     2 ||     2
Evoke: Wand              |       |       |     1 ||     1
  Use: Potion            |       |     1 |       ||     1
       Scroll            |       |       |     6 ||     6
 Stab: Sleeping          |     7 |     3 |     5 ||    15
  Eat: Chunk             |     3 |    10 |    11 ||    24
Armor: Skin              |     2 |     7 |    18 ||    27
Dodge: Dodged            |    29 |    77 |    65 ||   171
Block: Buckler           |     2 |    21 |    22 ||    45
